 Dungeon Crawl Stone Soup version 0.19.1-1-g22dce08 (webtiles) character file.

378 Dolanko the Poker (level 6, 0/56 HPs)
             Began as a Naga Fighter on Jan 6, 2017.
             Slain by an ogre
             ... wielding a +0 giant club
              (17 damage)
             ... on level 4 of the Dungeon.
             The game lasted 00:05:40 (2836 turns).

Dolanko the Poker (Naga Fighter)                    Turns: 2836, Time: 00:05:40

Health: 0/56       AC:  5    Str: 20    XL:     6   Next: 74%
Magic:  6/6        EV:  7    Int:  8    God:
Gold:   139        SH:  8    Dex: 11    Spells: 0 memorised, 5 levels left

rFire  . . .     SeeInvis +     a - +0 trident
rCold  . . .     Gourm    .     s - +0 steam dragon scales
rNeg   . . .     Faith    .     c - +0 shield
rPois  +         Spirit   .     (no helmet)
rElec  .         Reflect  .     (no cloak)
rCorr  +         Harm     .     (no gloves)
MR     .....                    (no barding)
Stlth  +.........               (no amulet)
                                (no ring)
                                n - ring of resist corrosion

@: very slow
A: see invisible, deformed body, poison resistance, slowness 2, slow metabolism
1, spit poison 1, AC +2
a: Spit Poison


You were on level 4 of the Dungeon.
You were not hungry.

You visited 1 branch of the dungeon, and saw 4 of its levels.

You collected 139 gold pieces.

Inventory:

Hand Weapons
 a - a +0 trident (weapon)
Missiles
 q - a throwing net (quivered)
Armour
 c - a +0 shield (worn)
 e - a +0 chain mail
 s - +0 steam dragon scales (worn)
Jewellery
 n - a ring of resist corrosion (left hand)
Wands
 k - a wand of digging (15/24)
Scrolls
 b - a scroll of remove curse {unknown}
 h - 5 scrolls of identify
 i - a scroll of fear {unknown}
 l - a scroll of amnesia {unknown}
 o - a scroll of recharging {unknown}
 p - a scroll of enchant weapon {unknown}
 r - a scroll of teleportation {unknown}
Potions
 g - a potion of mutation
 m - a potion of heal wounds {unknown}
 t - a potion of cancellation
 u - a potion of flight {unknown}
Comestibles
 f - 4 bread rations
 j - a beef jerky


   Skills:
 - Level 3.0 Fighting
 + Level 7.0 Polearms
 - Level 2.4 Armour
 - Level 2.4 Shields


You had 5 spell levels left.
You didn't know any spells.

Dungeon Overview and Level Annotations

Branches:
Dungeon (4/15)
 Temple: D:4-7

Altars:
Makhleb

Annotations:
D:4 Menkaure


Innate Abilities, Weirdness & Mutations

You cannot wear boots.
Your serpentine skin is tough. (AC +2)
You have supernaturally acute eyesight. (SInv)
Armour fits poorly on your strangely shaped body.
Your system is resistant to poisons. (rPois)
You cover ground very slowly.
You have a slow metabolism.
You can spit poison.


Message History

An ogre comes into view. It is wielding a giant club.
There are monsters nearby!
Menkaure is nearby!
Menkaure is nearby!
Menkaure calls on the powers of darkness!
Your body is wracked with pain!
All of the chunks of flesh in your inventory have rotted away.
Press: ? - help, Shift-Dir - straight line, f - Menkaure
Aim: Menkaure The splash of poison hits the ogre.
The ogre is poisoned.
The ogre is heavily wounded.
You feel slightly more hungry.
Menkaure casts a spell.
Menkaure seems to speed up.
You have got your breath back.
Menkaure calls on the powers of darkness!
The ogre convulses!
Your body is wracked with pain!
It was a potion of cancellation.
You feel magically purged. The ogre hits you with a giant club!
You die...

######### #.......# #####
#.......# #...# ##.......####
#...# #######...........#
#...# #.......@O..M...#.#
#...####...._.....(....#.#
+...'..)................>....#
#...####...#.....#.#...##....#
#...## ###.#.......##### ....#
##....# #.......#.# ......
##....## ####.####.# .......
##.....## #.# # .......
.[......# .# ....###


You could see an ogre and Menkaure.

Vanquished Creatures
  The ghost of Dolanko the Poker, an amateur NaFi of Cheibriados (D:4)
  3 gnolls (D:4)
  6 adders
  A shadow imp (D:3)
  An ooze (D:1)
  A worm (D:2)
  4 dart slugs
  A leopard gecko (D:2)
  3 bats (D:2)
  9 giant cockroaches
  4 goblins
  7 hobgoblins
  2 ball pythons
  2 frilled lizards
  5 kobolds
  8 rats
58 creatures vanquished.

Notes
Turn   | Place    | Note
-------+----------+-------------------------------------------
     0 | D:1      | Dolanko the Naga Fighter began the quest for the Orb.
     0 | D:1      | Reached XP level 1. HP: 21/21 MP: 1/1
   115 | D:1      | Reached XP level 2. HP: 28/28 MP: 2/2
   162 | D:1      | Reached skill level 3 in Polearms
   634 | D:1      | Reached XP level 3. HP: 33/34 MP: 3/3
  1055 | D:2      | Reached skill level 4 in Polearms
  1080 | D:2      | Reached XP level 4. HP: 41/42 MP: 4/4
  2365 | D:3      | Reached skill level 5 in Polearms
  2365 | D:3      | Reached XP level 5. HP: 43/49 MP: 5/5
  2567 | D:4      | Found a burning altar of Makhleb.
  2583 | D:4      | Noticed Dolanko's ghost (amateur NaFi)
  2595 | D:4      | Killed Dolanko's ghost
  2595 | D:4      | Reached skill level 6 in Polearms
  2595 | D:4      | Reached XP level 6. HP: 37/56 MP: 6/6
  2617 | D:4      | Reached skill level 7 in Polearms
  2823 | D:4      | Noticed Menkaure
  2836 | D:4      | Slain by an ogre

Skill      XL: |  1  2  3  4  5  6 |
---------------+-------------------+-----
Polearms       | 3 4 5 6 7 |  7.0
Fighting       | |  3.0
Armour         | |  2.4
Shields        | |  2.4

Action                   |  1- 3 |  4- 6 || total
-------------------------+-------+-------++-------
Melee: Trident           |    89 |    97 ||   186
Throw: Throwing net      |       |     1 ||     1
 Abil: Spit Poison       |    11 |    13 ||    24
  Use: Scroll            |       |     1 ||     1
       Potion            |       |     2 ||     2
 Stab: Sleeping          |       |     1 ||     1
  Eat: Chunk             |     1 |     5 ||     6
Armor: Chain mail        |    39 |    12 ||    51
       Scale mail        |     2 |       ||     2
       Steam dragon scal |       |     7 ||     7
Dodge: Dodged            |     8 |    19 ||    27
Block: Shield            |    23 |    42 ||    65
